 Seeded DCSS version 0.30.0-29-ga12c61a403 (webtiles) character file.

Game seed: 18007716519941398942 (custom seed)

56891 Dadbod the Earth Mage (level 15, -3/105 HPs)
             Began as a Formicid Earth Elementalist on June 5, 2023.
             Was a High Priest of Vehumet.
             Constricted to death by Jorgrun (4 damage)
             ... on level 2 of the Orcish Mines.
             The game lasted 02:13:18 (20093 turns).

Dadbod the Earth Mage (FoEE)                       Turns: 20093, Time: 02:13:19

Health: -3/105     AC: 17    Str: 13    XL:     15   Next: 23%
Magic:  43/50      EV:  3    Int: 22    God:    Vehumet [*****.]
Gold:   1400       SH: 11    Dex: 14    Spells: 9/41 levels left

rFire   + + +        e - +3 Elemental Staff {rElec rF+ rC+ AC+3}
rCold   . . .        K - +0 kite shield
rNeg    . . .        Y - +2 ring mail {rF+}
rPois   .            (helmet unavailable)
rElec   +            t - +1 cloak
rCorr   +            g - +2 pair of gloves of Eternity {rElec MP+9}
SInv    +            B - +0 pair of boots
Will    +....        k - amulet of the acrobat
Stlth   +++          N - ring of fire
HPRegen 0.37/turn    S - ring of Eckitaof {rCorr MP+9 Slay+3 SInv}
MPRegen 0.32/turn

%: acrobat
@: petrifying, grasped by roots, constricted, very slow
A: permanent stasis, dig shafts and tunnels, antennae 3, four strong arms
a: Dig, Shaft Self, Renounce Religion


You were on level 2 of the Orcish Mines.
You worshipped Vehumet.
Vehumet was extremely pleased with you.
You visited 4 branches of the dungeon, and saw 18 of its levels.
You also visited: Volcano.

You collected 1602 gold pieces.
You spent 202 gold pieces at shops.

Inventory:

Hand Weapons
 e - the +3 Elemental Staff (weapon) {rElec rF+ rC+ AC+3}
   (You acquired it on level 1 of the Dungeon)

   It enhances your fire, ice, earth and air magic.
   AC:        It affects your AC (+3).
   rF:        It protects you from fire.
   rC:        It protects you from cold.
   rElec:     It insulates you from electricity.
Missiles
 s - a curare-tipped dart
 E - 5 throwing nets
Armour
 g - the +2 pair of gloves of Eternity (worn) {rElec MP+9}
   (You acquired it on level 1 of the Dungeon)

   rElec:     It insulates you from electricity.
   MP:        It affects your magic capacity (+9).
 m - a +3 leather armour of poison resistance
 t - a +1 cloak (worn)
 u - a +1 robe of positive energy
 B - a +0 pair of boots (worn)
 K - a +0 kite shield (worn)
 M - a +2 robe of fire resistance
 V - +0 fire dragon scales
 Y - a +2 ring mail of fire resistance (worn)
Jewellery
 a - a ring of willpower
 k - an amulet of the acrobat (around neck)
 l - an amulet of faith
 r - a ring of positive energy
 v - a +4 ring of protection
 A - a +6 ring of strength
 G - an amulet of guardian spirit
 N - a ring of fire (left hand)
 R - a ring of poison resistance
 S - the ring of Eckitaof (right hand) {rCorr MP+9 Slay+3 SInv}
   (You found it on level 2 of the Lair of Beasts)

   [ring of magical power]

   Slay:      It affects your accuracy & damage with ranged weapons and melee
   (+3).
   MP:        It affects your magic capacity (+9).
   SInv:      It lets you see invisible.
   rCorr:     It protects you from acid and corrosion.
Wands
 z - a wand of mindburst (8)
 C - a wand of polymorph (13)
 F - a wand of paralysis (6)
 J - a wand of flame (11)
 O - a wand of light (7)
 Q - a wand of roots (2)
 U - a wand of digging (7)
Scrolls
 d - a scroll of fog
 f - a scroll of enchant weapon
 h - 2 scrolls of magic mapping
 n - a scroll of brand weapon
 p - 3 scrolls of enchant armour
 w - 4 scrolls of amnesia
 x - a scroll of poison
 y - a scroll of torment
 I - 3 scrolls of identify
 P - a scroll of butterflies
Potions
 b - a potion of magic
 c - a potion of mutation
 i - 7 potions of might
 j - 6 potions of attraction
 o - 2 potions of brilliance
 q - a potion of resistance
 D - 6 potions of curing
 H - a potion of experience {unknown}
 L - 5 potions of ambrosia
 T - a potion of lignification
 X - a potion of cancellation {unknown}
Miscellaneous
 W - a box of beasts


   Skills:
 * Level 5.8 Fighting
 * Level 3.4 Staves
 * Level 5.3 Armour
 + Level 4.9 Dodging
 + Level 7.0 Stealth
 * Level 10.0 Shields
 + Level 13.9 Spellcasting
 * Level 8.7 Conjurations
 * Level 5.0 Hexes
 * Level 3.2 Necromancy
 * Level 5.0 Transmutations
 + Level 15.4 Earth Magic
 + Level 2.3 Evocations


You had 9 spell levels left.
You knew the following spells:

 Your Spells              Type           Power      Damage    Failure   Level
a - Sandblast             Erth           100%       2d20      1%          1
b - Stone Arrow           Conj/Erth      100%       3d13      1%          3
c - Passwall              Tmut/Erth      61%        N/A       1%          2
d - Petrify               Tmut/Erth      74%        N/A       3%          4
e - Dazzling Flash        Conj/Hex       90%        N/A       1%          3
f - Borgnjor's Vile Clut  Necr/Erth      35%        N/A       12%         5
g - Iskenderun's Battles  Conj           52%        2d10      4%          5
h - Lee's Rapid Deconstr  Erth           45%        3d22*     1%          5
i - Leda's Liquefaction   Hex/Erth       37%        N/A       3%          4

Your spell library contained the following spells:

 Spells                   Type           Power      Damage    Failure   Level
 Arcjolt                  Conj/Air       25%        1d35      22%         5
 Hailstorm                Conj/Ice       51%        3d11      2%          3
 Freeze                   Ice            88%        1d9       5%          1
 Necrotise                Necr           100%       1d9       5%          1
 Inner Flame              Hex/Fire       56%        N/A       5%          3
 Sting                    Tmut/Pois      100%       1d8       7%          1
 Poisonous Vapours        Pois/Air       44%        N/A       9%          2
 Flame Wave               Conj/Fire      67%        2d15      9%          4
 Sticky Flame             Conj/Fire      67%        2d8       9%          4
 Frozen Ramparts          Ice            44%        1d7       16%         3
 Apportation              Tloc           30%        N/A       21%         1
 Summon Small Mammal      Summ           60%        N/A       21%         1
 Fireball                 Conj/Fire      33%        3d14      22%         5
 Lesser Beckoning         Tloc           30%        N/A       30%         2
 Statue Form              Tmut/Erth      49%        N/A       41%         6
 Olgreb's Toxic Radiance  Pois           15%        N/A       43%         4
 Gell's Gravitas          Tloc           15%        N/A       52%         3
 Teleport Other           Tloc           15%        N/A       52%         3
 Orb of Destruction       Conj           26%        9d9       71%         7
 Conjure Ball Lightning   Conj/Air       25%        3x3d7     73%         6
 Agony                    Necr           29%        N/A       82%         5
 Alistair's Intoxication  Tmut/Pois      17%        N/A       88%         5
 Silence                  Hex/Air        19%        N/A       88%         5
 Manifold Assault         Tloc           15%        N/A       89%         4
 Eringya's Noxious Bog    Tmut/Pois      13%        N/A       92%         6
 Storm Form               Tmut/Air       19%        N/A       100%        7
 Blink                    Tloc           Unusable   N/A       N/A         2

Dungeon Overview and Level Annotations

Branches:
Dungeon (10/15)            Temple (1/1) D:7            Lair (5/5) D:10
 Shoals (0/4) Lair:2        Snake (0/4) Lair:2        Slime (0/5) Lair:5
    Orc (2/2) D:9             Elf (0/3) Orc:2       Volcano (visited)

Altars:
Ashenzari
Cheibriados
Dithmenos
Elyvilon
Fedhas
Gozag
Hepliaklqana
Kikubaaqudgha
Makhleb
Nemelex Xobeh
Okawaru
Qazlal
Ru
Sif Muna
Trog
Uskayaw
Vehumet
Wu Jian
Xom
Yredelemnul
Zin
The Shining One

Shops:
D:2 :   D:6 ?   D:7 (

Annotations:
Orc:1 3 runed translucent doors, Wimnad's ghost, journeyman TrFi
Orc:2 Jorgrun


Innate Abilities, Weirdness & Mutations

You cannot be hasted, slowed, berserked, paralysed or teleported.
You can dig through walls and to a lower floor.
You have a pair of large antennae on your head. (SInv)
Your four strong arms can wield two-handed weapons with a shield.


Message History

You feel a surge of power!
Nothing appears to happen.
You block the orc's attack.
The orc warrior hits you but does no damage.
Unknown command.
Unknown command.
Unknown command.
Unknown command.
Casting: Borgnjor's Vile Clutch (dangerous; 12% risk of failure)
Confirm with . or Enter, or press ? or * to list all spells.
Aiming: Passwall (safe; 1% risk of failure)
Press: ? - help, Dir - move target A rock wall.
You feel a surge of power! You block the orc's attack.
You block the orc warrior's attack.
Jorgrun hits you with a +0 heavy quarterstaff!!
* * * LOW HITPOINT WARNING * * *
The orc closely misses you.
You begin to meditate on the wall.
You continue meditating on the rock.
You block the orc's attack. The orc hits you but does no damage.
The orc warrior hits you with a +0 long sword!
* * * LOW HITPOINT WARNING * * *
Jorgrun casts a spell at you.
Roots burst forth from the earth!
The grasping roots grab you! The grasping roots constrict you!
* * * LOW HITPOINT WARNING * * *
You continue meditating on the rock.
You block the orc's attack. The orc hits you but does no damage.
The orc warrior hits you but does no damage.
Jorgrun gestures at you while chanting.
You are slowing down.
The grasping roots constrict you!
* * * LOW HITPOINT WARNING * * *
You continue meditating on the rock.
You block the orc's attack. x2
The orc warrior hits you but does no damage.
Jorgrun hits you with a +0 heavy quarterstaff!
* * * LOW HITPOINT WARNING * * *
The grasping roots constrict you!
You die...

****,,,,,**,,,,**,**
**.#***..##.,,,,,,,,, *
*,,.##*.....,,,,,,,,, **
*,,..##.....,,,,,,*,, ,*
**,.........,,,,,*,,, ** ##*##*
**#.#......,,,,,,,,* ###.##.##
##........*,,,,,,,,
****#§......###.goo.....,,,,,,*,*
,,*,...§≈§≈..#*#@o......,,,,,,,,,
~,,,§≈§≈.§≈≈≈# ##.......,,,,,,,,,
~~~~≈..§.....# ##.#.....,,,,,,,,,
,,,,.######.####.........,,,,,,,,
****** ##.##...........,,,,,**
******** ##.............,,,,,,*
,,*,,,,* ##....#.#.#...,,,,,,,
,,,,,,** ##...........,,,,,,,
,,*,,,* ###.#..........,,,,,,,


You could see Jorgrun, an orc warrior and 2 orcs.

Vanquished Creatures
  Gastronok (D:7)
  A fire dragon (Lair:5)
  An ettin (Orc:2)
  3 hydras
  Harold (D:9)
  A dancing weapon (Volcano)
  Erica (D:8)
  Urug (Orc:1)
  Nergalle (D:10)
  2 skysharks (Lair:5)
  5 wizards (Volcano)
  2 lindwurms
  An orc knight (Orc:1)
  An orc sorcerer (Orc:2)
  26 elephants
  4 oklob plants (Lair:2)
  A manticore (D:10)
  5 toenail golems (Volcano)
  4 black mambas
  2 merfolk sirens (Lair:2)
  12 cane toads
  2 molten gargoyles (Lair:5)
  A kobold demonologist (D:6)
  4 rime drakes
  7 komodo dragons
  2 merfolk (Lair:2)
  2 trolls (D:9)
  2 polar bears (Lair:3)
  Grinder (D:5)
  15 blink frogs
  12 wyverns
  37 yaks
  Eustachio (D:6)
  5 basilisks
  4 steam dragons
  3 wargs
  An acid dragon (D:8)
  4 hell hounds (Lair:5)
  A floating eye (D:9)
  27 water moccasins
  2 ice beasts (D:7)
  8 orc warriors
  3 black bears
  7 ogres
  11 wolves
  7 centaurs
  3 phantoms (D:5)
  2 kobold brigands (D:7)
  Blork the orc (D:4)
  3 gnoll sergeants
  6 bullfrogs
  2 scorpions
  9 wights
  7 killer bees (D:9)
  2 electric eels (Lair:4)
  A crimson imp (D:9)
  5 lava snakes (Lair:5)
  2 jellies
  4 gnoll boudas
  3 orc priests
  3 hounds
  A sleepcap (D:4)
  Crazy Yiuf (D:7)
  3 iguanas
  6 orc wizards
  Ijyb (D:5)
  6 hell rats (Lair:5)
  35 gnolls
  6 adders
  6 shadow imps
  2 white imps
  3 worms (D:2)
  4 dart slugs
  24 orcs
  3 bats
  10 endoplasms
  4 giant cockroaches
  11 goblins
  2 hobgoblins (D:1)
  6 jackals
  20 kobolds
  4 quokkas
  7 ball pythons
  3 frilled lizards
  6 rats
  2 butterflies (D:3)
474 creatures vanquished.

Notes
Turn   | Place    | Note
-------+----------+-------------------------------------------
     0 | D:1      | Dadbod the Formicid Earth Elementalist began the quest for
                  | the Orb.
     0 | D:1      | Reached XP level 1. HP: 13/13 MP: 3/3
   137 | D:1      | Reached XP level 2. HP: 19/19 MP: 0/5
   145 | D:1      | Identified 3 scrolls of acquirement
   145 | D:1      | Acquired a staff of earth
   147 | D:1      | Acquired the +2 pair of gloves of Eternity {rElec MP+9}
   155 | D:1      | Acquired the +3 Elemental Staff {rElec rF+ rC+ AC+3}
   155 | D:1      | Found the +3 Elemental Staff {rElec rF+ rC+ AC+3}
   426 | D:1      | Reached skill level 4 in Earth Magic
   459 | D:1      | Found a faded altar of an unknown god.
   459 | D:1      | Noticed a neqoxec
   571 | D:1      | Reached XP level 3. HP: 24/24 MP: 4/6
  1209 | D:2      | Reached XP level 4. HP: 30/30 MP: 8/8
  1222 | D:2      | Learned a level 3 spell: Stone Arrow
  1225 | D:2      | Learned a level 2 spell: Passwall
  1487 | D:2      | Found Lemucar's Book Boutique.
  1515 | D:2      | Identified the +2 hand axe "Plog" {drain, +Blink rCorr}
  2110 | D:3      | Found a shimmering altar of Xom.
  2152 | D:3      | Found a glowing silver altar of Zin.
  2459 | D:3      | Found a glowing golden altar of the Shining One.
  2469 | D:3      | Found a stormy altar of Qazlal.
  2841 | D:4      | Noticed Blork the orc
  2846 | D:4      | Killed Blork the orc
  2847 | D:4      | Reached skill level 1 in Conjurations
  2847 | D:4      | Reached skill level 5 in Earth Magic
  2847 | D:4      | Reached XP level 5. HP: 35/35 MP: 11/11
  2915 | D:4      | Reached skill level 1 in Armour
  2915 | D:4      | Reached XP level 6. HP: 41/41 MP: 12/12
  3107 | D:4      | Found an ornate altar of the Wu Jian Council.
  3250 | D:4      | Found a sparkling altar of Nemelex Xobeh.
  3547 | D:5      | Entered Level 5 of the Dungeon
  3552 | D:5      | Reached skill level 6 in Earth Magic
  3552 | D:5      | Reached XP level 7. HP: 46/46 MP: 14/14
  3557 | D:5      | Learned a level 4 spell: Petrify
  3578 | D:5      | Noticed Ijyb
  3583 | D:5      | Noticed Grinder
  3665 | D:5      | Reached skill level 5 in Spellcasting
  3695 | D:5      | Killed Grinder
  3696 | D:5      | Reached skill level 1 in Fighting
  3696 | D:5      | Reached XP level 8. HP: 54/54 MP: 16/16
  3698 | D:5      | Reached skill level 7 in Earth Magic
  3709 | D:5      | Killed Ijyb
  4020 | D:5      | Learned a level 3 spell: Dazzling Flash
  4221 | D:5      | Reached XP level 9. HP: 61/61 MP: 18/18
  4262 | D:5      | Reached skill level 8 in Earth Magic
  4363 | D:5      | Found a sacrificial altar of Ru.
  4499 | D:6      | Found a basalt altar of Yredelemnul.
  4508 | D:6      | Reached skill level 1 in Hexes
  4725 | D:6      | Noticed Eustachio
  4736 | D:6      | Killed Eustachio
  4793 | D:6      | Noticed a kobold demonologist
  4800 | D:6      | Noticed a hellwing
  4801 | D:6      | Noticed a sixfirhy
  4801 | D:6      | Killed a kobold demonologist
  4960 | D:6      | Found Bevuivysk's Magic Scroll Shop.
  4968 | D:6      | Bought a scroll of identify for 30 gold pieces
  4968 | D:6      | Bought a scroll of enchant armour for 112 gold pieces
  4968 | D:6      | Bought a scroll of identify for 30 gold pieces
  4968 | D:6      | Bought a scroll of identify for 30 gold pieces
  5258 | D:6      | Reached skill level 9 in Earth Magic
  5851 | D:7      | Reached XP level 10. HP: 70/70 MP: 21/21
  5992 | D:7      | Found a staircase to the Ecumenical Temple.
  6009 | D:7      | Found Voneir's Antique Weapon Shop.
  6022 | Temple   | Entered the Ecumenical Temple
  6223 | D:7      | Found a bloodstained altar of Trog.
  6378 | D:7      | Reached skill level 5 in Stealth
  6788 | D:7      | Found a runed translucent door.
  6789 | D:7      | Noticed Crazy Yiuf
  6793 | D:7      | Killed Crazy Yiuf
  7002 | D:8      | Noticed Erica
  7019 | D:8      | Noticed Gastronok
  7032 | D:7      | Killed Gastronok
  7033 | D:7      | Reached skill level 10 in Earth Magic
  7033 | D:7      | Reached skill level 1 in Evocations
  7249 | D:8      | Killed Erica
  7456 | D:8      | Found an iron altar of Okawaru.
  7865 | D:9      | Reached XP level 11. HP: 77/77 MP: 23/23
  7967 | D:9      | Found a staircase to the Orcish Mines.
  8072 | D:9      | Reached skill level 1 in Staves
  8225 | D:9      | Noticed Harold
  8238 | D:9      | Killed Harold
  8680 | D:9      | Found a radiant altar of Vehumet.
  8684 | D:9      | Found a burning altar of Makhleb.
  8691 | D:9      | Became a worshipper of Vehumet
  9079 | D:10     | Entered Level 10 of the Dungeon
  9235 | D:10     | Reached skill level 11 in Earth Magic
  9241 | D:10     | Learned a level 5 spell: Borgnjor's Vile Clutch
  9247 | D:10     | Learned a level 5 spell: Iskenderun's Battlesphere
  9301 | D:10     | Reached skill level 1 in Necromancy
  9682 | D:10     | Reached skill level 5 in Conjurations
  9819 | D:10     | Found a staircase to the Lair.
 10038 | D:10     | Found an ancient bone altar of Kikubaaqudgha.
 10088 | D:10     | Noticed Nergalle
 10094 | D:10     | Killed Nergalle
 10095 | D:10     | Reached skill level 1 in Shields
 10183 | D:10     | Noticed a manticore
 10188 | D:10     | Killed a manticore
 10189 | D:10     | Reached XP level 12. HP: 84/84 MP: 18/25
 10304 | D:10     | Found a snail-covered altar of Cheibriados.
 10415 | Orc:1    | Entered Level 1 of the Orcish Mines
 10550 | Orc:1    | Reached * piety under Vehumet
 10550 | Orc:1    | Offered knowledge of Magic Dart by Vehumet.
 10651 | Orc:1    | Noticed Urug
 10794 | Orc:1    | Killed Urug
 10795 | Orc:1    | Reached skill level 10 in Spellcasting
 10971 | Orc:1    | Found a runed translucent gate.
 10971 | Orc:1    | Found a runed translucent gate.
 10971 | Orc:1    | Found a runed translucent gate.
 10977 | Orc:1    | Noticed Wimnad's ghost (journeyman TrFi)
 11203 | Lair:1   | Entered Level 1 of the Lair of Beasts
 11628 | Lair:1   | You fall into a shaft and drop 1 floor!
 12507 | Lair:2   | Reached skill level 5 in Shields
 12614 | Lair:2   | Reached skill level 12 in Earth Magic
 12663 | Lair:2   | Found a staircase to the Shoals.
 12694 | Lair:2   | Offered knowledge of Foxfire by Vehumet.
 12985 | Lair:2   | Reached ** piety under Vehumet
 13135 | Lair:2   | Reached XP level 13. HP: 72/90 MP: 26/28
 13205 | Lair:2   | Found a staircase to the Snake Pit.
 14066 | Lair:2   | Acquired a book of the Earth
 14074 | Lair:2   | Learned a level 5 spell: Lee's Rapid Deconstruction
 14079 | Lair:2   | Learned a level 4 spell: Leda's Liquefaction
 14261 | Lair:2   | Identified the ring of Eckitaof {rCorr MP+9 Slay+3 SInv}
 14564 | Lair:3   | Reached skill level 13 in Earth Magic
 14953 | Lair:3   | Offered knowledge of Ignite Poison by Vehumet.
 15094 | Lair:3   | Identified the +2 scale mail of Compression {Harm Rampage
                  | *Slow Str+5}
 15398 | Lair:3   | Reached *** piety under Vehumet
 15409 | Lair:3   | Reached skill level 5 in Armour
 15813 | Lair:4   | Noticed a five-headed hydra
 15827 | Lair:4   | Killed a five-headed hydra
 16298 | Lair:4   | Reached XP level 14. HP: 96/96 MP: 30/30
 16421 | Lair:4   | Offered knowledge of Olgreb's Toxic Radiance by Vehumet.
 16450 | Lair:4   | Identified the +6 falchion "Atimn" {venom, rElec}
 16796 | Lair:5   | Entered Level 5 of the Lair of Beasts
 16992 | Lair:5   | Reached skill level 14 in Earth Magic
 17218 | Lair:5   | Reached **** piety under Vehumet
 17463 | Lair:5   | Offered knowledge of Volatile Blastmotes by Vehumet.
 17745 | Lair:5   | Found a staircase to the Slime Pits.
 17957 | Lair:5   | Reached skill level 15 in Earth Magic
 17962 | Lair:5   | Reached skill level 5 in Fighting
 18119 | Lair:5   | Identified the +1 ring mail "Seomenn" {Slay+3 Stlth+}
 18629 | Lair:5   | Found a large runed translucent door.
 18630 | Lair:5   | Found a large runed translucent door.
 19412 | Orc:2    | Entered Level 2 of the Orcish Mines
 19479 | Orc:2    | Reached ***** piety under Vehumet
 19519 | Orc:2    | Reached XP level 15. HP: 103/103 MP: 19/32
 19591 | Orc:2    | Found a dark tunnel.
 19605 | Volcano  | Entered a volcano
 19679 | Volcano  | Offered knowledge of Arcjolt by Vehumet.
 19897 | Volcano  | Reached skill level 5 in Transmutations
 19949 | Volcano  | Reached skill level 5 in Hexes
 19950 | Volcano  | Reached skill level 10 in Shields
 20076 | Orc:2    | Noticed Jorgrun
 20093 | Orc:2    | HP: 1/105 [Jorgrun/+0 heavy quarterstaff (6)]
 20093 | Orc:2    | Constricted to death by Jorgrun

Illustrated notes

Levels and vault maps discovered:
D:1:      psy_arrival_dodecagon, layout_basic,
          dreamdust_ecumenical_altar_sealed_demon
D:2:      layout_loops_cross, serial_shops, shop, minmay_misc_feat_cross,
          glass_columns_c, minmay_ruptured
D:3:      layout_basic, xom_butterflies, nicolae_qazlal_scattered_showers,
          nicolae_overflow_crystal_walls, tso_oasis_becter
D:4:      layout_cave_pools, kennysheep_mini, nicolae_wu_jian_wuxing_cycle,
          serial_column_ruins, column_ruins_circle_small, column_ruins_grid_3,
          column_ruins_open_large, column_ruins_grid_1, column_ruins_grid_1,
          column_ruins_open_tiny, chequers_hall_statues_wall_a,
          chequers_serial_rivers_micro_c, uniq_blork_the_orc
D:5:      minmay_evil_eye, layout_rooms, nicolae_ru_the_path_less_chosen,
          uniq_ijyb, uniq_grinder
D:6:      layout_basic, mainiacjoe_overflow_paths, serial_shops,
          nicolae_shop_tiny_statue_garden, uniq_eustachio
D:7:      layout_basic, trog_three_pillars_becter,
          minmay_temple_entry_antechambers, serial_shops, shop,
          patterned_corridor, uniq_crazy_yiuf_cottage
D:8:      layout_basic, mainiacjoe_overflow_brackets, minmay_misc_feat_rows,
          uniq_erica, uniq_gastronok
D:9:      layout_stronghold, grunt_temple_overflow_lords_of_destruction,
          orc_0_dummy, onia_ninara_cookie, uniq_harold
D:10:     layout_loops_ring, kiku_gazebo_garden_becter, cheibriados_altar_1,
          erik_lair_dragon, reono_crystal_passage, uniq_nergalle
Temple:   hellmonk_temple_forest_ring
Lair:1:   layout_cave_pods, hangedman_lair_unloving_vines, serial_bayou_pond_a,
          st_stairs_4, lemuel_fruit_tree
Lair:2:   minmay_lair_oklob_tunnel, layout_loops_ring,
          elwin_shoals_entry_stream, minmay_snake_entry_six_corridors
Lair:3:   layout_chaotic_city, serial_bayou_pond_d, cheibrodos_lair_reptile_den
Lair:4:   layout_big_grid, chequers_serial_rivers_micro_d,
          chequers_serial_rivers_small_b, serial_bayou_shore_a,
          infiniplex_staircase_pool_2
Lair:5:   cheibrodos_lair_end_hotspot, layout_regular_city, slime_entry_1,
          minmay_stone_trees_small
Orc:1:    layout_caves, gammafunk_ghost_necromancy, statue_in_the_mist_lemuel,
          uniq_urug
Orc:2:    grunt_orc_cross, layout_caves, nicolae_volcano_entry_vermiform,
          uniq_jorgrun, uniq_rupert, uniq_nessos

Skill      XL: |  1  2  3  4  5  6  7  8  9 10 11 12 13 14 15 |
---------------+----------------------------------------------+-----
Earth Magic    | 4 5 6 7 9 10 11 12 13 15 | 15.4
Dodging        | 2 3 4 |  4.9
Spellcasting   | 3 4 5 6 7 8 9 11 12 13 | 13.9
Conjurations   | 1 2 3 5 6 7 8 |  8.7
Armour         | 1 2 3 4 5 |  5.3
Stealth        | 3 4 5 6 7 |  7.0
Fighting       | 1 2 3 4 5 |  5.8
Transmutations | 2 3 4 5 |  5.0
Hexes          | 2 3 4 5 |  5.0
Evocations     | 1 2 |  2.3
Staves         | 1 3 |  3.4
Necromancy     | 3 |  3.2
Shields        | 1 5 7 9 10 | 10.0

Action                     |  1- 3 |  4- 6 |  7- 9 | 10-12 | 13-15 || total
---------------------------+-------+-------+-------+-------+-------++-------
  Melee: Staff             |     2 |     3 |     1 |     5 |    57 ||    68
   Cast: Sandblast         |    51 |    65 |   115 |   229 |   281 ||   741
         Stone Arrow       |       |       |     2 |   101 |   114 ||   217
         Dazzling Flash    |       |       |       |     4 |     3 ||     7
         Petrify           |       |       |       |     6 |    23 ||    29
         Borgnjor's Vile C |       |       |       |     2 |     2 ||     4
         Iskenderun's Batt |       |       |       |     2 |    20 ||    22
         Lee's Rapid Decon |       |       |       |       |    66 ||    66
         Leda's Liquefacti |       |       |       |       |    16 ||    16
         Passwall          |       |       |       |       |     7 ||     7
Ability: Dig               |       |       |       |       |     3 ||     3
    Use: Scroll            |     3 |    11 |     9 |     4 |     6 ||    33
         Potion            |       |     1 |       |     1 |     5 ||     7
   Stab: Sleeping          |       |     1 |       |     2 |       ||     3
         Petrified         |       |       |       |       |    17 ||    17
 Armour: Robe              |     5 |       |       |       |       ||     5
         Leather armour    |       |     3 |    27 |   116 |    95 ||   241
         Ring mail         |       |       |       |       |    12 ||    12
  Dodge: Dodged            |    11 |    11 |    41 |   139 |    90 ||   292
  Block: Kite shield       |       |       |       |    13 |   124 ||   137
